 Dungeon Crawl Stone Soup version 0.22-a0-825-ga28c36f (webtiles) character file.

53 inc the Conjurer (level 3, 4/14 HPs)
             Began as a Felid Fire Elementalist on July 24, 2018.
             Quit the game on level 2 of the Dungeon.
             The game lasted 00:02:32 (1615 turns).

inc the Conjurer (Felid Fire Elementalist)          Turns: 1615, Time: 00:02:33

Health: 4/14       AC:  1    Str:  4    XL:     3   Next: 64%
Magic:  0/7        EV: 18    Int: 17    God:
Gold:   91         SH:  0    Dex: 16    Spells: 2/6 levels left
                                        Lives:  0   Deaths: 0

rFire    . . .     SeeInvis +   (weapon unavailable)
rCold    . . .     Gourm    .   (shield unavailable)
rNeg     . . .     Faith    .   (armour unavailable)
rPois    .         Spirit   .   (helmet unavailable)
rElec    .         Reflect  .   (cloak unavailable)
rCorr    .         Harm     .   (gloves unavailable)
MR       .....                  (boots unavailable)
Stlth    +++.......             (no amulet)
HPRegen  0.04/turn              (no ring)
MPRegen  0.10/turn              (no ring)

@: quite poisoned (4 -> 2), quick
A: very small, no armour, no weapons or thrown items, stealth, claws 1, fangs 3,
see invisible, carnivore, speed 1, shaggy fur 1, slow metabolism 1, sharp paws
a: no special abilities


You were on level 2 of the Dungeon.
You were not hungry.

You visited 1 branch of the dungeon, and saw 2 of its levels.

You collected 91 gold pieces.

Inventory:

Scrolls
 a - 2 scrolls of teleportation {unknown}
 d - 3 scrolls of remove curse {unknown}
 e - a scroll of identify {unknown}
 f - a scroll of enchant armour {unknown}
 g - 2 scrolls of fear {unknown}
 j - a scroll of noise {unknown}
 k - a scroll of amnesia {unknown}
Potions
 h - a potion of lignification {unknown}
 i - a potion of invisibility {unknown}
Comestibles
 b - a ration


   Skills:
 - Level 2.6 Dodging
 - Level 2.6 Stealth
 - Level 2.0 Spellcasting
 + Level 3.3 Conjurations
 - Level 2.6 Fire Magic


You had 2 spell levels left.
You knew the following spells:

 Your Spells              Type           Power        Failure   Level  Hunger
a - Flame Tongue          Conj/Fire      ##...        6%          1    #......
b - Conjure Flame         Conj/Fire      ##......     17%         3    ###....

Your spell library contained the following spells:

 Spells                   Type           Power        Failure   Level  Hunger
 Fireball                 Conj/Fire      ##........   85%         5    ######.
 Throw Flame              Conj/Fire      ##....       9%          2    ###....
 Sticky Flame             Conj/Fire      ##......     50%         4    #####..
 Inner Flame              Hex/Fire       #.......     32%         3    ###....


Dungeon Overview and Level Annotations

Branches:
Dungeon (2/15)

Altars:


Innate Abilities, Weirdness & Mutations

You cannot wear armour.
You are incapable of wielding weapons or throwing items.
Your paws allow you to move quietly. (Stealth)
You have sharp claws.
You have razor-sharp teeth.
You have supernaturally acute eyesight. (SInv)
You are carnivorous and can eat meat at any time.
You cover ground quickly.
You are covered in fur. (AC +1)
You have a slow metabolism.
Your sharp claws are effective at attacking unaware monsters.


Message History

Press: ? - help, Shift-Dir - straight line, f/p - worm
Aim: a worm (almost dead)
The flame tongue hits the worm.
You kill the worm!
The bat closely misses you. The adder closely misses you.
Casting: Flame Tongue (safe; 6% risk of failure)
Confirm with . or Enter, or press ? or * to list all spells.
You don't have enough magic to cast that spell.
Casting: Flame Tongue (safe; 6% risk of failure)
Confirm with . or Enter, or press ? or * to list all spells.
You don't have enough magic to cast that spell.
The bat hits you but does no damage. The bat misses you.
You feel sick. The bat closely misses you. The bat misses you.
The bat barely misses you. The bat barely misses you. The bat misses you.
Welcome back, inc the Felid Fire Elementalist.
Press ? for a list of commands and other information.
Are you sure you want to abandon this character and quit the game? (Confirm with "yes".)

... .........##'#### ....
#.........#
....#######.(.......#####
.......................#
######.....#......(......#.
...........##..............
#######..#..'.......)......
###+#........####S.............
................@b.#'##........
..(......(..#####..#.##.†......
...(....#'#.# #..#.##........
...(..#<#.#.#####..#.##........
.<....###.#....##..#.##........
........#.####.#...#.##........
.....##.#.# #.#####.##########
.....# ...# #...# #.# ######
### ###.###.#


You could see an adder and a bat.

Vanquished Creatures
  An adder (D:2)
  A worm (D:2)
  A dart slug (D:1)
  2 leopard geckos
  2 giant cockroaches (D:1)
  6 hobgoblins
  3 jackals (D:1)
  3 bats
  4 frilled lizards
  5 goblins
  5 kobolds
  3 rats
36 creatures vanquished.

Notes
Turn   | Place    | Note
-------+----------+-------------------------------------------
     0 | D:1      | inc the Felid Fire Elementalist began the quest for the Orb.
     0 | D:1      | Reached XP level 1. HP: 7/7 MP: 4/4
    20 | D:1      | Reached skill level 1 in Conjurations
   244 | D:1      | Reached XP level 2. HP: 11/11 MP: 4/6
   249 | D:1      | Reached skill level 2 in Conjurations
   935 | D:1      | Reached XP level 3. HP: 14/14 MP: 3/7
   944 | D:1      | Learned a level 3 spell: Conjure Flame
  1217 | D:2      | Reached skill level 3 in Conjurations
  1615 | D:2      | Quit the game

Vault maps used:
D:1:      wheals_arrival_shading
D:2:      first_ration, kennysheep_generic_room_9

Skill      XL: |  1  2  3 |
---------------+----------+-----
Conjurations   | 1 2 3 |  3.3
Dodging        | |  2.6
Stealth        | |  2.6
Spellcasting   | |  2.0
Fire Magic     | |  2.6

Action                   || total
-------------------------++-------
Melee: Unarmed           ||    23
       Bite              ||     1
 Cast: Flame Tongue      ||    66
  Use: Potion            ||     1
  Eat: Chunk             ||     1
Armor: Skin              ||     4
Dodge: Dodged            ||    55

Table legend:
 A = Spawn XP
 B = Non-spawn XP
 C = Spawn XP percentage of total XP
 D = Spawn monster count
 E = Non-spawn monster count
 F = Spawn count percentage of total count
 G = Total turns spent on level
                    A         B        C        D         E        F      G
               +---------+---------+-------+---------+---------+-------+---------
         Total |       0 |      77 |   0.0 |       0 |      36 |   0.0 |  1615
               +---------+---------+-------+---------+---------+-------+---------
           D:1 |       0 |      42 |   0.0 |       0 |      24 |   0.0 |  1151
           D:2 |       0 |      35 |   0.0 |       0 |      12 |   0.0 |   464
               +---------+---------+-------+---------+---------+-------+---------
